 Dungeon Crawl Stone Soup version 0.28.0-53-g5a82cb258f (webtiles) character file.

Game seed: 12302733671035147753

88 MisterFreud the Covert (level 4, -6/41 HPs)
             Began as a Gnoll Delver on June 1, 2022.
             Was an Initiate of Gozag.
             Shot with an arrow by a centaur (7 damage)
             ... on level 4 of the Dungeon.
             The game lasted 00:02:49 (2249 turns).

MisterFreud the Covert (Gnoll Delver)               Turns: 2249, Time: 00:02:50

Health: -6/41      AC:  4    Str: 12    XL:     4   Next: 53%
Magic:  5/5        EV: 13    Int: 11    God:    Gozag
Gold:   199        SH:  0    Dex: 13    Spells: 5/5 levels left

rFire   . . .      SeeInvis .   a - +0 short sword
rCold   . . .      Faith    .   (no shield)
rNeg    . . .      Spirit   .   b - +0 leather armour
rPois   .          Reflect  .   (no helmet)
rElec   .          Harm     .   (no cloak)
rCorr   .          Rampage  .   k - +0 pair of gloves
Will    .....                   (no boots)
Stlth   ++++......              (no amulet)
HPRegen 0.13/turn               (no ring)
MPRegen 0.09/turn               (no ring)

@: no status effects
A: fangs 1, strong nose, distributed training
a: Renounce Religion, Potion Petition, Call Merchant, Bribe Branch


You were on level 4 of the Dungeon.
You worshipped Gozag.
Gozag was aware of your devotion.
You visited 1 branch of the dungeon, and saw 6 of its levels.

You collected 199 gold pieces.

Inventory:

Hand Weapons
 a - a +0 short sword (weapon)
Missiles
 q - 2 poisoned darts (quivered)
Armour
 b - a +0 leather armour (worn)
 k - a +0 pair of gloves (worn)
Jewellery
 n - an amulet of faith
 p - a +6 ring of strength
Wands
 g - a wand of digging (3)
Scrolls
 c - 2 scrolls of fog
 d - 3 scrolls of magic mapping
 e - a scroll of fear
 i - a scroll of brand weapon {unknown}
 o - a scroll of blinking {unknown}
 r - a scroll of identify {unknown}
Potions
 f - a potion of haste
 h - 2 potions of brilliance {unknown}
 j - a potion of might {unknown}
 l - a potion of invisibility {unknown}
 m - a potion of ambrosia {unknown}


   Skills:
 + Level 6.6 Fighting
 + Level 4.6 Short Blades
 + Level 1.2 Long Blades
 + Level 1.2 Axes
 + Level 1.2 Maces & Flails
 + Level 1.2 Polearms
 + Level 1.2 Staves
 + Level 1.2 Slings
 + Level 1.2 Bows
 + Level 1.2 Crossbows
 + Level 1.2 Throwing
 + Level 1.2 Armour
 + Level 4.6 Dodging
 + Level 9.6 Stealth
 + Level 1.2 Shields
 + Level 1.2 Unarmed Combat
 + Level 1.2 Spellcasting
 + Level 1.0 Conjurations
 + Level 1.0 Hexes
 + Level 1.0 Summonings
 + Level 1.0 Necromancy
 + Level 1.0 Translocations
 + Level 1.0 Transmutations
 + Level 1.0 Fire Magic
 + Level 1.0 Ice Magic
 + Level 1.0 Air Magic
 + Level 1.0 Earth Magic
 + Level 1.0 Poison Magic
 + Level 1.3 Invocations
 + Level 1.2 Evocations


You had 5 spell levels left.
You didn't know any spells.
Your spell library was empty.

Dungeon Overview and Level Annotations

Branches:
Dungeon (6/15)             Temple (0/1) D:4

Altars:
Gozag

Shops:
D:2 :

Annotations:
D:6 Grinder


Innate Abilities, Weirdness & Mutations

You have very sharp teeth.
Your uncanny sense of smell can sniff out nearby items.
Your experience applies equally to all skills.


Message History

There is an open door here.
Found an escape hatch in the ceiling.
A centaur comes into view.
A centaur is nearby!
A centaur is nearby!
No target in view!
There is an escape hatch in the ceiling here.
An endoplasm comes into view.
A centaur opens the door.
The centaur shouts!
An ogre comes into view. It is wielding a +0 giant spiked club.
The centaur wields a +0 shortbow.
The centaur shoots an arrow.
The arrow hits you!
Found a stone staircase leading up.
The centaur unwields a +0 shortbow.
The centaur barely misses you. The centaur closely misses you.
You hit the centaur but do no damage. The centaur completely misses you.
The centaur closely misses you.
You hit the centaur. You bite the centaur.
The centaur is lightly wounded.
The centaur hits you. The centaur closely misses you. The centaur hits you.
The centaur misses you.
You hit the centaur.
The centaur is moderately wounded.
The centaur completely misses you. The centaur barely misses you.
You hit the centaur but do no damage.
The centaur is moderately wounded.
The centaur hits you. The centaur misses you.
The centaur hits you but does no damage.
The centaur kicks you but does no damage.
The centaur wields a +0 shortbow.
The centaur shoots an arrow.
The arrow hits you.
The centaur shoots an arrow.
The arrow hits you.
The centaur shoots an arrow.
The arrow hits you.
The centaur shoots an arrow.
The arrow misses you.
The centaur shoots an arrow.
The arrow hits you!
* * * LOW HITPOINT WARNING * * *
There is an escape hatch in the ceiling, spattered with blood here.
The centaur shoots an arrow.
The arrow hits you!
You die...
Your body crumbles into a pile of gold.

... '.... <.
...##..##...# $ ...
.......#....# ....
##.##..#....##....#
###...........c......
.............#
#..##.......#
.#####..##.......#... ∆
............@.........
#.###.#..##....#...#...
.........##....#...#
... .###.#.###....#...#
..
#.###.#.###.......... .
......................
.............#..###..J#
#.#######.###.#..#####.
+#.# ###+###'#.......


You could see a centaur.

Vanquished Creatures
  3 adders
  An adder zombie (D:5)
  2 worms
  An orc (D:5)
  3 ball pythons
  6 endoplasms
  3 giant cockroaches
  6 goblins
  4 hobgoblins
  6 kobolds
  A quokka (D:3)
  7 bats
  5 frilled lizards
  2 rats (D:1)
50 creatures vanquished.

Notes
Turn   | Place    | Note
-------+----------+-------------------------------------------
     0 | D:5      | Reached skill level 9 in Stealth
     0 | D:5      | MisterFreud the Gnoll Delver began the quest for the Orb.
     0 | D:5      | Reached XP level 1. HP: 23/23 MP: 1/1
     1 | D:6      | Noticed Grinder
   176 | D:3      | Reached XP level 2. HP: 29/29 MP: 2/2
   449 | D:3      | Reached XP level 3. HP: 35/35 MP: 3/3
   611 | D:3      | Reached skill level 1 in Invocations
   774 | D:2      | Reached skill level 1 in Long Blades
   774 | D:2      | Reached skill level 1 in Axes
   774 | D:2      | Reached skill level 1 in Maces & Flails
   774 | D:2      | Reached skill level 1 in Polearms
   774 | D:2      | Reached skill level 1 in Staves
   774 | D:2      | Reached skill level 1 in Slings
   774 | D:2      | Reached skill level 1 in Bows
   774 | D:2      | Reached skill level 1 in Crossbows
   774 | D:2      | Reached skill level 1 in Throwing
   774 | D:2      | Reached skill level 1 in Armour
   774 | D:2      | Reached skill level 1 in Shields
   774 | D:2      | Reached skill level 1 in Unarmed Combat
   774 | D:2      | Reached skill level 1 in Spellcasting
   774 | D:2      | Reached skill level 1 in Evocations
   817 | D:2      | Reached XP level 4. HP: 41/41 MP: 5/5
   994 | D:2      | Found Cevaijor's Book Shop.
  1363 | D:1      | Found a faded altar of an unknown god.
  1435 | D:1      | Prayed at the altar of an unknown god.
  1435 | D:1      | Became a worshipper of Gozag Ym Sagoz the Greedy
  2153 | D:3      | Reached skill level 1 in Conjurations
  2153 | D:3      | Reached skill level 1 in Hexes
  2153 | D:3      | Reached skill level 1 in Summonings
  2153 | D:3      | Reached skill level 1 in Necromancy
  2153 | D:3      | Reached skill level 1 in Translocations
  2153 | D:3      | Reached skill level 1 in Transmutations
  2153 | D:3      | Reached skill level 1 in Fire Magic
  2153 | D:3      | Reached skill level 1 in Ice Magic
  2153 | D:3      | Reached skill level 1 in Air Magic
  2153 | D:3      | Reached skill level 1 in Earth Magic
  2153 | D:3      | Reached skill level 1 in Poison Magic
  2202 | D:4      | Found a staircase to the Ecumenical Temple.
  2222 | D:4      | Noticed a centaur
  2239 | D:4      | Noticed an ogre
  2248 | D:4      | HP: 1/41 [centaur/arrow (14)]
  2249 | D:4      | Shot with an arrow by a centaur

Illustrated notes

Levels and vault maps discovered:
D:1:      dpeg_arrival_lava_temple_mockup, layout_basic,
          hellmonk_ecumenical_altar_heavens_door, minmay_misc_feat_five,
          minivault_19
D:2:      layout_basic, serial_shops, shop
D:3:      layout_loops_ring, minmay_misc_feat_rugged,
          hangedman_decor_clover_reticule
D:4:      layout_basic, trog_hazing_becter, minmay_temple_entry_drinking_statues
D:5:      layout_basic
D:6:      layout_loops_ring, biasface_ghost_orc_armoury, uniq_grinder

Skill      XL: |  1  2  3  4 |
---------------+-------------+-----
Stealth        | |  9.6
Invocations    | 1 |  1.3
Long Blades    | 1 |  1.2
Axes           | 1 |  1.2
Maces & Flails | 1 |  1.2
Polearms       | 1 |  1.2
Staves         | 1 |  1.2
Slings         | 1 |  1.2
Bows           | 1 |  1.2
Crossbows      | 1 |  1.2
Throwing       | 1 |  1.2
Armour         | 1 |  1.2
Shields        | 1 |  1.2
Unarmed Combat | 1 |  1.2
Spellcasting   | 1 |  1.2
Evocations     | 1 |  1.2
Conjurations   | 1 |  1.0
Hexes          | 1 |  1.0
Summonings     | 1 |  1.0
Necromancy     | 1 |  1.0
Translocations | 1 |  1.0
Transmutations | 1 |  1.0
Fire Magic     | 1 |  1.0
Ice Magic      | 1 |  1.0
Air Magic      | 1 |  1.0
Earth Magic    | 1 |  1.0
Poison Magic   | 1 |  1.0
Fighting       | |  6.6
Short Blades   | |  4.6
Dodging        | |  4.6

Action                   |  1- 3 |  4- 6 || total
-------------------------+-------+-------++-------
Melee: Short sword       |    53 |    86 ||   139
       Bite              |     3 |    10 ||    13
       Punch             |       |     2 ||     2
  Use: Scroll            |       |     2 ||     2
 Stab: Sleeping          |    13 |     6 ||    19
Armor: Leather armour    |     5 |    30 ||    35
Dodge: Dodged            |    19 |    65 ||    84
